 Dungeon Crawl Stone Soup version 0.27.1-3-gb3d3a73c9e (webtiles) character file.

Game seed: 9730376154560534542

15 earthworldpsion the Chiller (level 2, -3/19 HPs)
             Began as a Demonspawn Ice Elementalist on Oct 17, 2021.
             Slain by an orc priest (4 damage)
             ... on level 1 of the Dungeon.
             The game lasted 00:03:56 (964 turns).

earthworldpsion the Chiller (DsIE)                   Turns: 964, Time: 00:03:57

Health: -3/19      AC:  6    Str:  8    XL:     2   Next: 34%
Magic:  5/5        EV: 10    Int: 16    God:
Gold:   64         SH:  0    Dex: 13    Spells: 4/5 levels left

rFire    . . .     SeeInvis .   c - +2 hand axe (elec)
rCold    . . .     Faith    .   (no shield)
rNeg     . . .     Spirit   .   f - +0 ring mail
rPois    .         Reflect  .   (no helmet)
rElec    .         Harm     .   (no cloak)
rCorr    .         Rampage  .   b - +0 pair of gloves
Will     .....                  (no boots)
Stlth    +.........             (no amulet)
HPRegen  0.06/turn              (no ring)
MPRegen  0.09/turn              (no ring)

@: no status effects
A: talons 1
a: no special abilities


You were on level 1 of the Dungeon.
You visited 1 branch of the dungeon, and saw 2 of its levels.

You collected 64 gold pieces.

Inventory:

Hand Weapons
 c - a +2 hand axe of electrocution (weapon)
Armour
 a - a +0 robe
 b - a +0 pair of gloves (worn)
 f - a +0 ring mail (worn)
Potions
 d - a potion of haste {unknown}
 e - a potion of degeneration {unknown}


   Skills:
 + Level 1.8 Dodging
 + Level 1.9 Stealth
 + Level 2.1 Spellcasting
 + Level 4.0 Ice Magic


You had 4 spell levels left.
You knew the following spells:

 Your Spells              Type           Power      Damage    Failure   Level
a - Freeze                Ice            56%        1d7       12%         1

Your spell library contained the following spells:

 Spells                   Type           Power      Damage    Failure   Level
 Frozen Ramparts          Ice            28%        1d4       34%         3
 Ozocubu's Armour         Ice            14%        N/A       34%         3
 Sublimation of Blood     Necr           0%         N/A       67%         2
 Wereblood                Tmut           1%         N/A       67%         2
 Hailstorm                Conj/Ice       8%         3d4       95%         4
 Summon Hydra             Summ           0%         N/A       100%        7


Dungeon Overview and Level Annotations

Branches:
Dungeon (2/15)

Altars:


Innate Abilities, Weirdness & Mutations

You have sharp toenails.


Message History

There is a stone staircase leading down here.
You climb downwards.
There is a stone staircase leading up here. 3 orcs and an orc priest come into view.
The orc shouts!
The orc throws a boomerang.
The boomerang hits you.
There is a stone staircase leading up here.
The orc priest shouts!
The orc closely misses you.
There is a stone staircase leading up here.
You climb upwards.
There is a stone staircase leading down here.
You closely miss the orc. The orc hits you but does no damage.
You hit the orc. Lightning courses through the orc!
You kill the orc!
You climb downwards.
There is a stone staircase leading up here.
You closely miss the orc. The orc hits you with a +0 war axe!
You barely miss the orc. Your kick misses the orc.
You hit the orc priest but do no damage.
The orc closely misses you. The orc priest barely misses you.
The orc completely misses you.
The orc priest calls down the wrath of Beogh upon you.
You barely resist. The orc barely misses you.
The orc priest closely misses you.
You climb upwards.
There is a stone staircase leading down here.
You hit the orc. Lightning courses through the orc!
You kill the orc!
You closely miss the orc priest. Your kick misses the orc priest.
The orc priest misses you.
You hit the orc priest but do no damage.
The orc priest hits you with a +0 flail. x2
* * * LOW HITPOINT WARNING * * *
You hit the orc priest but do no damage.
Lightning courses through the orc priest!
You claw the orc priest, but do no damage.
The orc priest is heavily wounded.
The orc priest hits you with a +0 flail.
You die...

..#...≈..PP≈≈≈PPPP≈≈≈≈≈≈≈#
..#...≈.P.≈≈≈≈P≈P≈PP≈≈P≈P#
..########################
###...........#
....#########.# ....######
#.# .........# #.#
.........####.####
...............o@#
...........#######
..†........####
..............#######
....................#
..............#####.#
##'#.........## #.#
##.#.........# #.#
.#.#.........### #.#


You could see an orc priest.

Vanquished Creatures
  A dart slug (D:1)
  2 orcs (D:1)
  A ball python (D:1)
  A giant cockroach (D:1)
  A bat (D:1)
  A frilled lizard (D:1)
  4 goblins (D:1)
  A rat (D:1)
12 creatures vanquished.

Notes
Turn   | Place    | Note
-------+----------+-------------------------------------------
     0 | D:1      | earthworldpsion the Demonspawn Ice Elementalist began the
                  | quest for the Orb.
     0 | D:1      | Reached XP level 1. HP: 13/13 MP: 3/3
   424 | D:1      | Reached skill level 4 in Ice Magic
   424 | D:1      | Gained mutation: You have sharp toenails. [demonic
                  | ancestry]
   424 | D:1      | Reached XP level 2. HP: 4/19 MP: 5/5
   964 | D:1      | Slain by an orc priest

Illustrated notes

Levels and vault maps discovered:
D:1:      lightli_arrival_windingriver, layout_basic
D:2:      layout_basic

Skill      XL: |  1 |
---------------+----+-----
Ice Magic      | 4 |  4.0
Dodging        | |  1.8
Stealth        | |  1.9
Spellcasting   | |  2.1

Action                   || total
-------------------------++-------
Melee: Hand axe          ||    19
       Kick              ||     1
 Cast: Freeze            ||     9
Armor: Robe              ||     8
       Ring mail         ||     1
Dodge: Dodged            ||    24
